 Dungeon Crawl Stone Soup version 0.25.1-2-g60ff931df9 (webtiles) character file.

Game seed: 10004783039160369590

1582 Ijustatesigmund the Charlatan (level 8, -5/73 HPs)
             Began as a Deep Dwarf Fighter on Sept 2, 2020.
             Was an Initiate of Makhleb.
             Slain by an ogre
             ... wielding a +0 giant club
              (14 damage)
             ... on level 5 of the Dungeon.
             The game lasted 00:17:33 (4240 turns).

Ijustatesigmund the Charlatan (Deep Dwarf Fighter)  Turns: 4240, Time: 00:17:34

Health: -5/73      AC: 12    Str: 19    XL:     8   Next: 60%
Magic:  12/12      EV: 10    Int: 10    God:    Makhleb [......]
Gold:   150        SH:  9    Dex: 14    Spells: 7/7 levels left

rFire    . . .     SeeInvis .   a - +3 war axe (venom)
rCold    + . .     Gourm    .   c - +0 kite shield
rNeg     . . .     Faith    .   b - +4 ring mail
rPois    .         Spirit   .   g - +0 helmet
rElec    .         Reflect  .   e - scarf {repulsion}
rCorr    .         Harm     .   (no gloves)
MR       +....                  h - +0 pair of boots
Stlth    +++.......             (no amulet)
HPRegen  0.00/turn              l - ring of stealth
MPRegen  0.13/turn              p - ring of protection from cold

@: non-regenerating, repel missiles
A: damage resistance, heal wounds, sense surroundings 1, no regeneration
a: Heal Wounds, Renounce Religion


You were on level 5 of the Dungeon.
You worshipped Makhleb.
Makhleb was noncommittal.
You were not hungry.

You visited 2 branches of the dungeon, and saw 7 of its levels.

You collected 240 gold pieces.
You spent 90 gold pieces at shops.

Inventory:

Hand Weapons
 a - a +3 war axe of venom (weapon)
 A - a +0 flail
Armour
 b - a +4 ring mail (worn)
 c - a +0 kite shield (worn)
 e - a scarf of repulsion (worn)
 g - a +0 helmet (worn)
 h - a +0 pair of boots (worn)
 i - a scarf of resistance
 v - a +1 cloak
Jewellery
 j - an uncursed ring of fire
 l - a ring of stealth (left hand)
 o - an uncursed ring of fire
 p - a ring of protection from cold (right hand)
Wands
 w - a wand of acid (3)
Scrolls
 k - 2 scrolls of fog
 n - a scroll of immolation
 q - a scroll of teleportation
 t - a scroll of magic mapping
 y - a scroll of remove curse
Potions
 d - a potion of mutation {unknown}
 m - 3 potions of haste
 r - 2 potions of curing
 s - a potion of berserk rage
 x - a potion of cancellation
 z - a potion of magic
 B - 2 potions of brilliance
 C - 2 potions of flight {unknown}
Comestibles
 f - 7 rations


   Skills:
 + Level 4.9 Fighting
 + Level 6.2 Axes
 - Level 4.3 Armour
 - Level 3.5 Dodging
 - Level 3.4 Stealth
 + Level 4.0 Shields
 + Level 0.5 Invocations
 - Level 7.6 Evocations


You had 7 spell levels left.
You didn't know any spells.
Your spell library contained the following spells:

 Spells                   Type           Power        Failure   Level  Hunger
 Animate Skeleton         Necr           N/A          95%         1    ##.....
 Apportation              Tloc           #.....       95%         1    ##.....
 Corona                   Hex            #......      95%         1    ##.....
 Sandblast                Erth           #.....       95%         1    ##.....
 Summon Small Mammal      Summ           #...         95%         1    ##.....
 Passwall                 Tmut/Erth      #.......     99%         2    ###....
 Stone Arrow              Conj/Erth      #.....       100%        3    ####...
 Petrify                  Tmut/Erth      #.......     100%        4    #####..
 Lee's Rapid Deconstruct  Erth           #.........   100%        5    ######.


Dungeon Overview and Level Annotations

Branches:
Dungeon (6/15)             Temple (1/1) D:4

Altars:
Ashenzari
Cheibriados
Dithmenos
Elyvilon
Fedhas
Gozag
Hepliaklqana
Makhleb
Nemelex Xobeh
Okawaru
Qazlal
Ru
Sif Muna
Trog
Uskayaw
Vehumet
Wu Jian
Xom
Yredelemnul
Zin


Innate Abilities, Weirdness & Mutations

You are resistant to damage.
You can heal yourself by infusing magical energy.
You passively map a small area around you.
You do not regenerate.


Message History

The ogre refuses to make way for you. (Use ctrl+direction or * direction to attack.)
The ogre refuses to make way for you. (Use ctrl+direction or * direction to attack.)
The ogre refuses to make way for you. (Use ctrl+direction or * direction to attack.)
The ogre refuses to make way for you. (Use ctrl+direction or * direction to attack.)
The ogre refuses to make way for you. (Use ctrl+direction or * direction to attack.)
The ogre hits you with a +0 giant club!!
You hit the ogre.
The ogre is poisoned.
The ogre is moderately wounded.
The ogre hits you with a +0 giant club!!
* * * LOW HITPOINT WARNING * * *
The ogre hits you with a +0 giant club.
* * * LOW HITPOINT WARNING * * *
You completely miss the ogre.
The ogre is moderately wounded.
You block the ogre's attack.
You hit the ogre.
The ogre looks as sick as possible!
The ogre is heavily wounded.
The ogre hits you but does no damage.
You feel better. The ogre hits you with a +0 giant club!
You die...

#.# * ,..##.###.
#.########.##.# #.
#........#.##.# #.
#.######.#.##.####
#.# #.......... #.#
##.###.#### ###.#
#.# #.# # #..O#
##.###.# #
#.#@######>..##.####
#.#!...)............
#.########...#.....[
#.# ###.##..#### #.#
#...##..# # #.#
#.####..#### #.# #.#
#...... #.#
#.####...... #.#
#...........


You could see a neutral ogre (fast, strong, insane, extremely poisoned).

Vanquished Creatures
  Eustachio (D:5)
  A water moccasin (D:5)
  A sky beast (D:5)
  2 ogres (D:4)
  Blork the orc (D:5)
  A water moccasin zombie (D:5)
  3 scorpions
  2 howler monkeys (D:4)
  2 crimson imps (D:5)
  4 hounds
  A jelly (D:5)
  An orc priest (D:4)
  Crazy Yiuf (D:4)
  A centaur skeleton (D:5)
  3 iguanas
  5 worker ants
  A mummy (D:5)
  5 adders
  4 gnolls (D:5)
  An ooze (D:2)
  An adder skeleton (D:4)
  3 worms
  2 dart slugs (D:2)
  4 leopard geckos
  11 orcs
  3 bats
  5 giant cockroaches
  4 goblins
  6 hobgoblins
  2 jackals (D:2)
  2 quokkas
  3 ball pythons
  4 frilled lizards
  2 hobgoblin zombies (D:5)
  6 kobolds
  A kobold zombie (D:5)
  An orc zombie (D:5)
  A quokka skeleton (D:4)
  4 rats
  2 plants (D:5)
108 creatures vanquished.

Notes
Turn   | Place    | Note
-------+----------+-------------------------------------------
     0 | D:1      | Ijustatesigmund the Deep Dwarf Fighter began the quest for
                  | the Orb.
     0 | D:1      | Reached XP level 1. HP: 20/20 MP: 1/1
   253 | D:1      | Reached XP level 2. HP: 28/28 MP: 2/2
   824 | D:2      | Reached XP level 3. HP: 18/34 MP: 3/3
  1386 | D:2      | Reached skill level 1 in Dodging
  1646 | D:2      | Reached XP level 4. HP: 32/42 MP: 4/4
  2237 | D:3      | Found Zin's Purification Station.
  2240 | D:3      | Found a glowing silver altar of Zin.
  2521 | D:4      | Reached skill level 1 in Stealth
  2521 | D:4      | Reached XP level 5. HP: 43/50 MP: 5/5
  2576 | D:4      | Noticed an ogre
  2588 | D:4      | Reached XP level 6. HP: 41/57 MP: 6/6
  2595 | D:4      | Reached skill level 5 in Axes
  2738 | D:4      | Reached XP level 7. HP: 19/64 MP: 7/7
  2791 | D:3      | Bought a potion of curing for 90 gold pieces
  2884 | D:4      | Found a staircase to the Ecumenical Temple.
  2889 | Temple   | Entered the Ecumenical Temple
  3372 | D:4      | Found a runed translucent door.
  3373 | D:4      | Noticed Crazy Yiuf
  3380 | D:4      | Killed Crazy Yiuf
  3452 | D:5      | Entered Level 5 of the Dungeon
  3472 | D:5      | Reached skill level 1 in Evocations
  3474 | D:5      | Reached skill level 2 in Evocations
  3554 | D:5      | Reached skill level 3 in Evocations
  3597 | D:5      | You fall into a shaft and drop 1 floor!
  3627 | D:5      | Noticed Blork the orc
  3630 | D:5      | Reached skill level 4 in Evocations
  3634 | D:5      | Killed Blork the orc
  3635 | D:5      | Reached skill level 5 in Evocations
  3635 | D:5      | Reached XP level 8. HP: 50/73 MP: 8/10
  3691 | D:5      | Reached skill level 6 in Evocations
  3783 | D:5      | Noticed Eustachio
  3797 | D:5      | Killed Eustachio
  3797 | D:5      | Reached skill level 7 in Evocations
  3852 | D:5      | Found a blossoming altar of Fedhas.
  3965 | D:5      | Found a sparkling altar of Nemelex Xobeh.
  3965 | D:5      | Found a burning altar of Makhleb.
  3965 | D:5      | Found a radiant altar of Vehumet.
  3966 | D:5      | Found a snail-covered altar of Cheibriados.
  3973 | D:5      | Became a worshipper of Makhleb the Destroyer
  4237 | D:5      | HP: 3/73 [ogre/+0 giant club (1)]
  4240 | D:5      | Slain by an ogre

Illustrated notes

Levels and vault maps discovered:
D:1:      enne_arrival_octagon_isle, layout_basic
D:2:      layout_loops_cross
D:3:      layout_loops_cross, zin_purify, first_ration
D:4:      layout_basic, minmay_temple_entry_arrows, uniq_crazy_yiuf_cottage
D:5:      layout_loops_ring, fedhas_ov_isle_minmay, kennysheep_vampire_church,
          chequers_temple_overflow_statue_of_worship, basic_altar,
          minmay_mini_ossuary, uniq_eustachio, uniq_blork_the_orc
D:6:      gammafunk_cloud_chamber, layout_gridville,
          hangedman_abyss_or_decor_stabs, lemuel_oklob_altar, uniq_sigmund
Temple:   zaba_magenta_temple

Skill      XL: |  1  2  3  4  5  6  7  8 |
---------------+-------------------------+-----
Fighting       | 3 4 |  4.9
Axes           | 3 4 5 6 |  6.2
Dodging        | 1 2 3 |  3.5
Stealth        | 1 2 3 |  3.4
Armour         | 4 |  4.3
Evocations     | 5 7 |  7.6
Shields        | 4 |  4.0
Invocations    | |  0.5

Action                   |  1- 3 |  4- 6 |  7- 9 || total
-------------------------+-------+-------+-------++-------
Melee: War axe           |   140 |    69 |   123 ||   332
Throw: Dart              |       |       |     2 ||     2
 Abil: Heal Wounds       |       |       |     1 ||     1
  Use: Scroll            |     7 |     5 |     5 ||    17
       Potion            |     2 |     3 |     2 ||     7
 Stab: Sleeping          |       |     1 |     6 ||     7
       Distracted        |       |     1 |       ||     1
  Eat: Chunk             |     3 |     3 |     5 ||    11
Armor: Scale mail        |    51 |       |       ||    51
       Ring mail         |    12 |    33 |    33 ||    78
Dodge: Dodged            |    41 |    25 |    46 ||   112
       Repelled          |     1 |       |       ||     1
Block: Kite shield       |    54 |    35 |    59 ||   148
